 Dungeon Crawl Stone Soup version 0.22.1-2-g9c5b331 (webtiles) character file.

182 MalarOregon the Chiller (level 5, 0/38 HPs)
             Began as a Merfolk Ice Elementalist on Nov 15, 2018.
             Killed by nerve-wracking pain
             ... invoked by Grinder
              (14 damage)
             ... on level 3 of the Dungeon on Nov 16, 2018.
             The game lasted 00:10:40 (2779 turns).

MalarOregon the Chiller (Merfolk Ice Elementalist)  Turns: 2779, Time: 00:10:41

Health: 0/38       AC:  2    Str: 13    XL:     5   Next: 62%
Magic:  9/9        EV: 17    Int: 16    God:
Gold:   123        SH:  0    Dex: 14    Spells: 3/9 levels left

rFire    . . .     SeeInvis .   k - +0 spear
rCold    . . .     Gourm    .   (no shield)
rNeg     . . .     Faith    .   a - +0 robe
rPois    .         Spirit   .   (no helmet)
rElec    .         Reflect  .   (no cloak)
rCorr    .         Harm     .   (no gloves)
MR       .....                  (no boots)
Stlth    ++........             (no amulet)
HPRegen  0.12/turn              b - +3 ring of evasion
MPRegen  0.11/turn              (no ring)

@: mighty
A: change form in water, swift swim, stealthy swim
a: no special abilities


You were on level 3 of the Dungeon.
You were not hungry.

You visited 1 branch of the dungeon, and saw 3 of its levels.

You collected 123 gold pieces.

Inventory:

Hand Weapons
 k - a +0 spear (weapon)
   (You found it on level 1 of the Dungeon)
Armour
 a - a +0 robe (worn)
Jewellery
 b - a +3 ring of evasion (left hand)
   (You found it on level 1 of the Dungeon)
 m - an uncursed ring of resist corrosion {unknown}
   (You found it on level 2 of the Dungeon)
Scrolls
 c - a scroll of magic mapping {unknown}
 f - a scroll of identify {@r1}
 g - a scroll of teleportation {unknown}
 j - a scroll of remove curse {unknown}
Potions
 d - a potion of cancellation {unknown}
 h - 2 potions of curing {unknown}
 i - a potion of degeneration {unknown}
 l - 2 potions of ambrosia {unknown}
Comestibles
 e - 4 rations {!d}


   Skills:
 + Level 2.2 Fighting
 + Level 1.9 Polearms
 + Level 4.1 Dodging
 - Level 2.1 Stealth
 + Level 2.8 Spellcasting
 + Level 1.7 Conjurations
 + Level 4.1 Ice Magic


You had 3 spell levels left.
You knew the following spells:

 Your Spells              Type           Power        Failure   Level  Hunger
a - Freeze                Ice            ###.         3%          1    #......
b - Ozocubu's Armour      Chrm/Ice       #.......     24%         3    ###....
x - Throw Frost           Conj/Ice       ##....       9%          2    ##.....

Your spell library contained the following spells:

 Spells                   Type           Power        Failure   Level  Hunger
 Throw Icicle             Conj/Ice       ##......     50%         4    #####..
 Summon Ice Beast         Ice/Summ       #.......     63%         4    #####..


Dungeon Overview and Level Annotations

Branches:
Dungeon (3/15)

Altars:
Ru

Annotations:
D:3 Grinder


Message History

Attack whom?
Aim: Grinder You reach to attack!
You hit Grinder but do no damage.
Grinder says, "FISH!"
Grinder gestures at you. You resist with significant effort.
Grinder says, "Just stop there for a second..."
Grinder gestures at you.
You suddenly lose the ability to move!
Grinder blinks!
You can move again.
Grinder blinks!
There is a stone staircase leading up here.
You climb upwards.
There is a stone staircase leading down here.
As you read the scroll labeled FIMOEBUTEF, it crumbles to dust.
It is a scroll of identify.
n - a potion of might You climb downwards.
Level annotation: Grinder
There is a stone staircase leading up here.
You feel very mighty all of a sudden.
Grinder blinks!
Grinder blinks!
No target in view!
Grinder is too close now for your liking.
Grinder gestures at you.
You suddenly lose the ability to move!
Grinder blinks!
Grinder hits you. Grinder hits you. Grinder hits you!
You writhe in agony.
Grinder hits you!
* * * LOW HITPOINT WARNING * * *
You writhe in agony.
* * * LOW HITPOINT WARNING * * *
You can move again.
Unknown command.
You are too injured to fight recklessly!
You puncture Grinder!
Grinder says, "Tell me all your secrets, or I'll kill you."
Grinder barely misses you.
You hit Grinder but do no damage. Grinder gestures at you.
You shrug off the repeated paralysis!
Unknown command.
You hit Grinder. Grinder gestures at you. Pain shoots through your body!
You die...

#.##..######.###..####.##
#.# ..# #.## ##........
#.##..# ##.###..######.
..##..# ##.#..## ......#
##.#.# .###.##### ###.#
## #.###.## #.#
####.##...## #5#
...........#####@#
####.......<.....#
#.#.....####### #.##...##
#.###.## #.# ### #.# ..#
###


You could see Grinder.

Vanquished Creatures
  3 orc wizards
  3 adders
  2 worms
  3 dart slugs
  4 leopard geckos
  2 orcs
  2 giant cockroaches
  8 hobgoblins
  9 jackals (D:1)
  A quokka (D:2)
  3 bats
  2 frilled lizards (D:2)
  3 goblins
  9 kobolds
  9 rats
63 creatures vanquished.

Notes
Turn   | Place    | Note
-------+----------+-------------------------------------------
     0 | D:1      | MalarOregon the Merfolk Ice Elementalist began the quest
                  | for the Orb.
     0 | D:1      | Reached XP level 1. HP: 13/13 MP: 3/3
   149 | D:1      | Reached XP level 2. HP: 17/20 MP: 3/5
   194 | D:1      | Learned a level 2 spell: Throw Frost
   370 | D:1      | Reached skill level 1 in Fighting
   417 | D:1      | Reached skill level 1 in Conjurations
   451 | D:1      | Reached XP level 3. HP: 18/26 MP: 0/6
   984 | D:1      | Learned a level 3 spell: Ozocubu's Armour
  1193 | D:2      | Reached XP level 4. HP: 32/32 MP: 0/7
  2000 | D:2      | Reached skill level 1 in Polearms
  2012 | D:2      | Reached XP level 5. HP: 35/38 MP: 0/9
  2541 | D:2      | Found a sacrificial altar of Ru.
  2744 | D:3      | Noticed Grinder
  2749 | D:3      | Paralysed by Grinder for 4 turns
  2771 | D:3      | Paralysed by Grinder for 6 turns
  2779 | D:3      | Killed from afar by Grinder

Skill      XL: |  1  2  3  4  5 |
---------------+----------------+-----
Dodging        | 3 4 |  4.1
Fighting       | 1 2 |  2.2
Conjurations   | 1 |  1.7
Polearms       | 1 |  1.9
Ice Magic      | 4 |  4.1
Stealth        | |  2.1
Spellcasting   | |  2.8

Action                   |  1- 3 |  4- 6 || total
-------------------------+-------+-------++-------
Melee: Unarmed           |     8 |       ||     8
       Whip              |    60 |       ||    60
       Spear             |     9 |    47 ||    56
 Cast: Freeze            |    24 |    34 ||    58
       Throw Frost       |    10 |    17 ||    27
  Use: Scroll            |       |     1 ||     1
       Potion            |       |     1 ||     1
 Stab: Sleeping          |       |     6 ||     6
  Eat: Chunk             |     2 |     7 ||     9
Armor: Robe              |    10 |     2 ||    12
Dodge: Dodged            |    85 |    30 ||   115
